 Dungeon Crawl Stone Soup version 0.28-a0-529-g3bad584f25 (webtiles) character file.

Game seed: 9671986718682673442

1070 senseless the Changer (level 8, 0/63 HPs)
             Began as a Pale Draconian Transmuter on Sept 24, 2021.
             Was a Priest of Jiyva.
             Succumbed to a killer bee's poison
             ... on level 6 of the Dungeon.
             The game lasted 00:17:51 (6784 turns).

senseless the Changer (Pale Draconian Transmuter)   Turns: 6784, Time: 00:17:53

Health: 0/63       AC:  7    Str: 10    XL:     8   Next: 7%
Magic:  13/13      EV: 13    Int: 14    God:    Jiyva [***...]
Gold:   120        SH:  0    Dex: 16    Spells: 13/14 levels left

rFire   + . .      SeeInvis .   o - +5 dire flail (vamp)
rCold   + . .      Faith    .   (shield currently unavailable)
rNeg    . . .      Spirit   .   (armour unavailable)
rPois   +          Reflect  .   (helmet currently unavailable)
rElec   +          Harm     .   m - +0 cloak
rCorr   +          Rampage  .   (no gloves)
Will    .....                   (boots currently unavailable)
Stlth   ++........              (no amulet)
HPRegen 0.20/turn               (no ring)
MPRegen 0.13/turn               (no ring)

@: lethally poisoned (0 -> -20), appendages, resistant
A: horns 2, talons 2, breathe steam, AC +6, unfitting armour, cold-blooded,
steam resistance
a: Breathe Steam, End Transformation, Renounce Religion, Request Jelly


You were on level 6 of the Dungeon.
You worshipped Jiyva.
Jiyva was most pleased with you.
You had temporarily grown beastly horns and talons.
You visited 1 branch of the dungeon, and saw 7 of its levels.

You collected 120 gold pieces.

Inventory:

Hand Weapons
 o - a +5 vampiric dire flail (weapon)
Armour
 m - a +0 cloak (worn)
Magical Staves
 n - a staff of air
Wands
 h - a wand of iceblast (5)
 j - a wand of polymorph (4)
Scrolls
 d - a scroll of blinking
 e - a scroll of identify


   Skills:
 + Level 3.2 Fighting
 + Level 3.7(4.5) Maces & Flails
 + Level 3.9(4.6) Staves
 + Level 3.0 Dodging
 + Level 2.3 Stealth
 + Level 3.6 Unarmed Combat
 + Level 3.9 Spellcasting
 + Level 4.0 Transmutations


You had 13 spell levels left.
You knew the following spells:

 Your Spells              Type           Power      Damage    Failure   Level
a - Beastly Appendage     Tmut           28%        N/A       3%          1

Your spell library contained the following spells:

 Spells                   Type           Power      Damage    Failure   Level
 Wereblood                Tmut           14%        N/A       5%          2
 Summon Small Mammal      Summ           8%         N/A       21%         1
 Spider Form              Tmut/Pois      4%         N/A       26%         3
 Ignite Poison            Fire/Tmut/Pois 6%         N/A       32%         3
 Call Canine Familiar     Summ           2%         N/A       52%         3
 Mephitic Cloud           Conj/Pois/Air  2%         N/A       52%         3
 Ozocubu's Armour         Ice            2%         N/A       52%         3
 Summon Guardian Golem    Hex/Summ       2%         N/A       52%         3
 Ice Form                 Ice/Tmut       8%         N/A       63%         4
 Freezing Cloud           Conj/Ice/Air   1%         6-21      99%         5
 Ozocubu's Refrigeration  Ice            1%         4d5       100%        7


Dungeon Overview and Level Annotations

Branches:
Dungeon (7/15)             Temple (0/1) D:6

Altars:
Kikubaaqudgha
Nemelex Xobeh
Uskayaw
Vehumet
The Shining One
Jiyva

Shops:
D:4 *


Innate Abilities, Weirdness & Mutations

You have temporarily grown beastly horns and talons.
You can breathe blasts of scalding, opaque steam.
Your pale cyan-grey scales are hard. (AC +6)
You cannot fit into any form of body armour.
You are cold-blooded and may be slowed by cold attacks.
You are immune to the effects of steam.


Message History

The killer bee stings you but does no damage.
The killer bee stings you.
You are poisoned.
The killer bee poisons you! The killer bee stings you!
You are more poisoned.
The killer bee poisons you!
You barely miss the killer bee.
The killer bee is heavily wounded.
You feel very sick. The killer bee barely misses you.
The killer bee stings you. x2
The killer bee misses you.
You hit the killer bee.
The killer bee is severely wounded.
You feel sick. The killer bee closely misses you. The killer bee misses you.
The killer bee stings you! The killer bee closely misses you.
You barely miss the killer bee. Your kick misses the killer bee.
Your headbutt misses the killer bee.
The killer bee is severely wounded.
You feel sick. The killer bee stings you.
You are more poisoned.
The killer bee poisons you!
The killer bee stings you but does no damage.
The killer bee closely misses you. x2
You feel better. The killer bee closely misses you.
The killer bee completely misses you. The killer bee stings you. x2
You puncture the killer bee!
You feel better.
You kill the killer bee!
The killer bee stings you but does no damage.
The killer bee stings you! The killer bee stings you!
* * * LOW HITPOINT WARNING * * *
You are poisoned.
The killer bee poisons you! The killer bee stings you.
* * * LOW HITPOINT WARNING * * *
The killer bee stings you.
* * * LOW HITPOINT WARNING * * *
You are more poisoned.
The killer bee poisons you!
You feel protected.
You die...

###################
................@y#
...##############y#
...# ############_#
...# #..........#.#
...# ##.######.##.#
...# #.##.# #....#
...####....# ######
.......#...#
.#####.#.###


You could see 2 killer bees.

Vanquished Creatures
  Sigmund (D:4)
  Edmund (D:4)
  A water moccasin (D:6)
  A centaur (D:5)
  A bullfrog (D:4)
  A scorpion (D:6)
  A water moccasin skeleton (D:6)
  A killer bee (D:6)
  A bullfrog zombie (D:5)
  An orc priest (D:5)
  Crazy Yiuf (D:2)
  3 iguanas
  4 orc wizards
  A hound zombie (D:5)
  A hound skeleton (D:4)
  A gnoll (D:6)
  2 adders
  A worm (D:3)
  2 dart slugs
  5 orcs
  An endoplasm (D:1)
  2 goblins
  4 hobgoblins
  6 jackals
  2 quokkas
  4 ball pythons
  5 bats (D:1)
  6 frilled lizards
  10 kobolds
  3 rats (D:1)
74 creatures vanquished.

Vanquished Creatures (others)
  A phantom (D:4)
  A water moccasin skeleton (D:4)
  10 jellies
  2 centaur zombies (D:4)
  A gnoll shaman (D:6)
  A bullfrog skeleton (D:6)
  An iguana (D:6)
  2 orc wizards
  2 hound zombies (D:4)
  A hound skeleton (D:4)
  2 gnolls (D:6)
  2 adders
  3 ufetubi
  An adder zombie (D:4)
  4 adder skeletons (D:4)
  3 worms
  2 orcs
  2 giant cockroaches
  3 goblins
  3 hobgoblins
  A quokka (D:3)
  4 ball pythons
  A bat (D:3)
  4 frilled lizards
  5 kobolds (D:3)
  2 rats (D:3)
  5 fungi (D:2)
  25 plants
  A withered plant (D:4)
95 creatures vanquished.

Grand Total: 169 creatures vanquished

Notes
Turn   | Place    | Note
-------+----------+-------------------------------------------
     0 | D:1      | senseless the Draconian Transmuter began the quest for the
                  | Orb.
     0 | D:1      | Reached XP level 1. HP: 16/16 MP: 3/3
   308 | D:1      | Reached XP level 2. HP: 20/23 MP: 3/5
  1374 | D:1      | Found a faded altar of an unknown god.
  1385 | D:1      | Became a worshipper of Jiyva Jiruxy the Shapeless
  1385 | D:1      | Reached * piety under Jiyva
  1615 | D:2      | Reached XP level 3. HP: 28/28 MP: 4/6
  2394 | D:2      | Found a runed translucent door.
  2395 | D:2      | Noticed Crazy Yiuf
  2401 | D:2      | Killed Crazy Yiuf
  2569 | D:3      | Reached XP level 4. HP: 35/35 MP: 5/7
  2592 | D:3      | Found a hide-covered altar of Uskayaw.
  2599 | D:3      | Found an ancient bone altar of Kikubaaqudgha.
  3410 | D:4      | Noticed a bullfrog
  3415 | D:4      | Killed a bullfrog
  3416 | D:4      | Reached skill level 1 in Staves
  3416 | D:4      | Reached XP level 5. HP: 25/40 MP: 7/9
  3448 | D:4      | Reached ** piety under Jiyva
  3540 | D:4      | Killed a phantom
  3544 | D:4      | Noticed Sigmund
  3553 | D:4      | Killed Sigmund
  3554 | D:4      | Reached skill level 1 in Stealth
  3554 | D:4      | Reached skill level 3 in Transmutations
  3554 | D:4      | Reached XP level 6. HP: 25/48 MP: 10/10
  3717 | D:4      | Found Zian's Lightly-Used Armoury.
  4065 | D:4      | Noticed Edmund
  4083 | D:4      | Killed Edmund
  4734 | D:5      | Entered Level 5 of the Dungeon
  4754 | D:5      | Your scales start taking on a pale cyan-grey colour.
  4754 | D:5      | Reached XP level 7. HP: 51/56 MP: 2/12
  4754 | D:5      | Gained mutation: You are immune to the effects of steam.
                  | [Pale Draconian growth]
  4834 | D:5      | Reached skill level 1 in Maces & Flails
  5332 | D:5      | Found a glowing golden altar of the Shining One.
  5442 | D:5      | Found a sparkling altar of Nemelex Xobeh.
  5635 | D:6      | Found a radiant altar of Vehumet.
  5894 | D:6      | Reached *** piety under Jiyva
  6073 | D:6      | Reached XP level 8. HP: 15/63 MP: 4/13
  6530 | D:6      | Found a staircase to the Ecumenical Temple.
  6669 | D:6      | Reached skill level 4 in Transmutations
  6784 | D:6      | Succumbed to a killer bee's poison

Illustrated notes

Levels and vault maps discovered:
D:1:      psy_arrival_fountain, layout_basic, basic_ecumenical_altar,
          minmay_nonomino_d4
D:2:      layout_basic, minivault_19, minmay_misc_feat_cross, minmay_bisected,
          uniq_crazy_yiuf_cottage
D:3:      layout_basic, amethyst_overflow_temple_binary, lexackson_kobold_supper
D:4:      layout_basic, serial_undead, serial_undead_d, serial_undead_a,
          serial_undead_d, serial_undead_c, amcnicky_mini_rare_corridor_liquid,
          minmay_shop_damaged, sigmund_edmund_badplayer
D:5:      layout_loops_ring, overflow_temple_1_default, tso_oasis_becter,
          minmay_misc_feat_square
D:6:      layout_basic, overflow_temple_1_default, minmay_temple_entry_junction
D:7:      minmay_bubble_buster, layout_loops_cross, nzn_wu_jian_contemplation,
          mainiacjoe_overflow_tiny_flanked, serial_glass, glass_columns_a,
          glass_columns_a, minmay_door_square

Skill      XL: |  1  2  3  4  5  6  7  8 |
---------------+-------------------------+-----
Dodging        | 2 3 |  3.0
Staves         | 1 2 3 |  3.9
Fighting       | 2 3 |  3.2
Stealth        | 1 2 |  2.3
Spellcasting   | 3 |  3.9
Transmutations | 3 4 |  4.0
Maces & Flails | 3 |  3.7
Unarmed Combat | |  3.6

Action                   |  1- 3 |  4- 6 |  7- 9 || total
-------------------------+-------+-------+-------++-------
Melee: Unarmed           |    94 |       |       ||    94
       Headbutt          |    10 |     7 |    11 ||    28
       Kick              |    17 |     6 |    11 ||    34
       Tailslap          |     6 |     5 |    10 ||    21
       Quarterstaff      |     6 |    45 |       ||    51
       Dire flail        |       |     7 |    97 ||   104
 Cast: Beastly Appendage |    29 |    17 |    14 ||    60
Evoke: Wand              |     2 |       |       ||     2
  Use: Potion            |       |       |     5 ||     5
       Scroll            |       |       |     8 ||     8
 Stab: Distracted        |       |     1 |       ||     1
       Confused          |       |     1 |       ||     1
       Sleeping          |       |       |     1 ||     1
Armor: Skin              |    29 |    16 |    34 ||    79
Dodge: Dodged            |    67 |    35 |    63 ||   165

Table legend: (Time is in decaauts)
 A = Elapsed time spent in this place.
 B = Non-inter-level travel time spent in this place.
 C = Inter-level travel time spent in this place.
 D = Time resting spent in this place.
 E = Time spent auto-exploring this place.
 F = Levels seen in this place.
 G = Mean time per level.
                   A        B        C        D        E       F      G
               +--------+--------+--------+--------+--------+-----+--------+
         Total |   6806 |   6570 |    236 |    740 |   5112 |   7 |  972.3 |
       Dungeon |   6806 |   6570 |    236 |    740 |   5112 |   7 |  972.3 |
               +--------+--------+--------+--------+--------+-----+--------+

Top non-repeatable levels by time:
     D:4: 1327 daAuts
     D:1: 1311 daAuts
     D:2: 1191 daAuts
     D:6: 1173 daAuts
     D:3: 912 daAuts
     D:5: 887 daAuts
     D:7: 2 daAuts
